 Dungeon Crawl Stone Soup version 0.21-a0-538-gd16b88a (webtiles) character file.

9431 kae the Martial Artist (level 11, -12/94 HPs)
             Began as a Purple Draconian Transmuter on Dec 16, 2017.
             Was a Priest of Wu Jian.
             Mangled by a black mamba (13 damage)
             ... on level 1 of the Lair of Beasts.
             The game lasted 00:16:13 (11760 turns).

kae the Martial Artist (DrTm)                      Turns: 11760, Time: 00:16:14

Health: -12/94     AC: 10    Str: 13    XL:     11   Next: 22%
Magic:  0/23       EV: 17    Int: 14    God:    Wu Jian [***...]
Gold:   623        SH:  0    Dex: 16    Spells: 15/26 levels left

rFire    . . .     SeeInvis .     - Unarmed
rCold    . . .     Gourm    .   (shield currently unavailable)
rNeg     . . .     Faith    .   (armour unavailable)
rPois    +         Spirit   +   (helmet restricted)
rElec    .         Reflect  .   e - scarf {Spirit}
rCorr    .         Harm     .   (gloves currently unavailable)
MR       +....     Clarity  +   (no boots)
Stlth    +.........             (no amulet)
HPRegen  0.25/turn              h - +3 ring of protection
MPRegen  0.18/turn              v - ring of wizardry

@: blade hands (expiring)
A: breathe power, unfitting armour, agile 1, clarity, poison resistance,
cold-blooded, AC +7
a: Breathe Dispelling Energy, End Transformation, Serpent's Lash, Renounce
Religion


You were on level 1 of the Lair of Beasts.
You worshipped Wu Jian.
Wu Jian was most pleased with you.
You were near starving.
You had blades for hands.
You visited 3 branches of the dungeon, and saw 11 of its levels.
You also visited: Bailey.

You collected 623 gold pieces.

Inventory:

Hand Weapons
 d - a +1 club
 m - a +0 long sword
 n - the +5 rapier "Gimaupaob" {distort, rPois rF+ Dex+2}
   (You found it on level 4 of the Dungeon)

   It warps and distorts space around it.
   Unwielding it can cause banishment or high damage.
   It affects your dexterity (+2).
   It protects you from fire.
   It protects you from poison.
 E - a +3 scimitar of flaming
Missiles
 a - 124 arrows
Armour
 e - a scarf of spirit shield (worn)
 k - a +1 buckler of fire resistance (melded)
 u - a +0 cloak of poison resistance
Jewellery
 h - a +3 ring of protection (left scythe-like blade)
 v - a ring of wizardry (right scythe-like blade)
 C - a +5 ring of intelligence {unknown}
Wands
 l - a wand of iceblast (3)
 r - a wand of clouds (5)
 t - a wand of random effects (23)
 w - a wand of flame (46)
 y - a wand of paralysis (40)
 A - a wand of acid (7)
Scrolls
 p - a scroll of remove curse
 q - 13 scrolls of identify
 s - 5 scrolls of teleportation
 D - a scroll of blinking {unknown}
Potions
 f - a potion of cancellation
 g - 2 potions of haste
 i - a potion of curing
 z - a potion of invisibility
 B - a potion of brilliance
Books
 b - a book of Changes

   Spells                             Type                      Level
   a - Beastly Appendage              Transmutation                1
   b - Sticks to Snakes               Transmutation                2
   c - Spider Form                    Transmutation/Poison         3
   d - Ice Form                       Ice/Transmutation            4
   e - Blade Hands                    Transmutation                5
Comestibles
 c - 9 bread rations
 j - 2 royal jellies
 o - 8 meat rations
 x - 2 fruits


   Skills:
 + Level 7.9 Fighting
 + Level 6.8 Dodging
 * Level 10.7 Unarmed Combat
 + Level 8.2 Spellcasting
 + Level 7.5 Transmutations


You had 15 spell levels left.
You knew the following spells:

 Your Spells              Type           Power        Failure   Level  Hunger
a - Beastly Appendage     Tmut           ####..       4%          1    None
b - Sticks to Snakes      Tmut           ####....     6%          2    None
c - Spider Form           Tmut/Pois      ###.......   19%         3    ##.....
d - Blade Hands           Tmut           ####......   26%         5    #####..


Dungeon Overview and Level Annotations

Branches:
Dungeon (9/15)             Temple (1/1) D:4            Lair (1/6) D:8
    Orc: D:9-12

Altars:
Ashenzari
Cheibriados
Dithmenos
Elyvilon
Fedhas
Gozag
Hepliaklqana
Kikubaaqudgha
Makhleb
Nemelex Xobeh
Okawaru
Qazlal
Ru
Sif Muna
Trog
Uskayaw
Vehumet
Wu Jian
Xom
Yredelemnul
Zin
The Shining One

Shops:
D:5 [   D:7 ?*[

Annotations:
Lair:1 Sonja
Abyss:1 Grum, Pikel


Innate Abilities, Weirdness & Mutations

You can breathe bolts of dispelling energy.
Your rich purple scales are hard. (AC +7)
You cannot fit into any form of body armour.
You are cold-blooded and may be slowed by cold attacks.
You are agile. (Dex +2)
You possess an exceptional clarity of mind.
Your system is resistant to poisons. (rPois)


Message History

The spiny frog closely misses you. The black mamba misses you.
Okay, then.
Evoke which item? (* to show all) (? for menu, Esc to quit)
Okay, then.
You shred the spiny frog!!!
You kill the spiny frog!
The Council accepts your kill.
The black mamba bites you but does no damage.
You hit the black mamba.
The black mamba is moderately wounded.
The black mamba barely misses you.
You slash the black mamba!
Your tail-slap misses the black mamba.
The black mamba is severely wounded.
The black mamba bites you!
* * * LOW HITPOINT WARNING * * *
The black mamba misses you.
You barely miss the black mamba.
The black mamba is severely wounded.
The black mamba bites you!
You die...

# .....≈≈ .##...#....P≈
###..... .....≈≈ ######
#.....# #)..P≈≈ #
##..../##.....####...P≈≈
.#
...#....#......##.......
#
#......S+......###......
.+
+...8..@#.....###.......
.#
#.....†.'.....#....#....
K
#.#.#...#.......P..#....
#.....##.....P.#.##....
###### #.....+...##....
#.....##.#####..
#.....#..# #..
####'###.## #.#.
#.###..# ###.


You could see a black mamba.

Vanquished Creatures
  3 two-headed ogres
  Erica (D:8)
  The ghost of dvd the Charmwright, a novice DsSk of Okawaru (D:8)
  A spiny frog (Lair:1)
  2 trolls (D:9)
  Prince Ribbit (D:5)
  3 hippogriffs
  A vampire (D:9)
  A yak (D:8)
  Menkaure (D:7)
  2 water moccasins
  Duvessa (D:5)
  2 ice beasts
  3 sky beasts
  A black bear (D:7)
  A phantom (D:7)
  A slave (D:8)
  5 orc warriors
  A necrophage (D:6)
  An ogre (D:6)
  3 wolves (D:8)
  2 centaurs (D:6)
  A crocodile (D:8)
  The ghost of mortelune the Firebug, an amateur DEFE (D:3)
  A bullfrog (D:6)
  2 scorpions
  Dowan (D:5)
  4 killer bees (D:8)
  2 wights (D:7)
  A jelly (D:8)
  3 bullfrog zombies
  4 crimson imps
  4 hounds
  An orc wizard (D:3)
  A bullfrog skeleton (D:4)
  2 orc priests
  Crazy Yiuf (D:5)
  Ijyb (D:3)
  An iguana (D:8)
  4 worker ants
  3 hound skeletons
  2 worker ant zombies
  A howler monkey skeleton (D:8)
  4 gnolls (D:6)
  10 adders
  2 shadow imps (D:9)
  An ooze (D:3)
  3 worms
  2 dart slugs
  2 leopard geckos
  37 orcs
  A ball python (D:3)
  12 bats
  A giant cockroach (D:1)
  4 goblins
  6 hobgoblins
  9 jackals
  5 kobolds
  2 quokkas
  4 frilled lizards
  A quokka skeleton (D:4)
  A quokka zombie (D:6)
  6 rats
192 creatures vanquished.

Vanquished Creatures (others)
  A hippogriff (D:9)
  A basilisk (D:8)
  An ice beast (D:8)
  A slave (D:8)
  A black bear (D:7)
  A necrophage (D:8)
  A phantom (D:8)
  An ogre (D:9)
  2 wights (D:7)
  A hound zombie (D:8)
  A worker ant zombie (D:6)
12 creatures vanquished.

Grand Total: 204 creatures vanquished

Notes
Turn   | Place    | Note
-------+----------+-------------------------------------------
     0 | D:1      | kae the Draconian Transmuter began the quest for the Orb.
     0 | D:1      | Reached XP level 1. HP: 16/16 MP: 3/3
   467 | D:1      | Reached XP level 2. HP: 12/23 MP: 1/5
  1289 | D:1      | Reached XP level 3. HP: 25/29 MP: 6/6
  2182 | D:2      | Found a faded altar of an unknown god.
  2633 | D:2      | Learned a level 2 spell: Sticks to Snakes
  2637 | D:2      | Learned a level 3 spell: Spider Form
  2730 | D:2      | Found a glowing golden altar of the Shining One.
  3035 | D:3      | Reached XP level 4. HP: 28/36 MP: 7/7
  3082 | D:3      | Noticed mortelune's ghost (amateur DEFE)
  3089 | D:3      | You fall through a shaft for 2 floors!
  3089 | D:5      | Entered Level 5 of the Dungeon
  3196 | D:5      | Reached skill level 4 in Unarmed Combat
  3215 | D:5      | Reached XP level 5. HP: 9/42 MP: 1/8
  3224 | D:5      | HP: 2/42 [poisoned by an adder]
  3575 | D:4      | Found a staircase to the Ecumenical Temple.
  3583 | Temple   | Entered the Ecumenical Temple
  3835 | D:4      | Found a white marble altar of Elyvilon.
  3879 | D:4      | Got a transparent rapier
  3880 | D:4      | Identified the +5 rapier "Gimaupaob" {distort, rPois rF+ Dex+2} (You found it on level 4 of the Dungeon)
  3930 | D:4      | Found a hide-covered altar of Uskayaw.
  3930 | D:4      | Found an ornate altar of the Wu Jian Council.
  3942 | D:4      | Became a worshipper of the Wu Jian Council
  4037 | D:4      | Reached XP level 6. HP: 27/50 MP: 10/10
  4788 | D:3      | Killed mortelune's ghost
  4788 | D:3      | Reached skill level 5 in Unarmed Combat
  5134 | D:3      | Noticed Ijyb
  5145 | D:3      | Killed Ijyb
  5357 | D:5      | Found a runed door.
  5535 | D:5      | Noticed Prince Ribbit
  5556 | D:5      | Gained mutation: You possess an exceptional clarity of mind. [potion of mutation]
  5556 | D:5      | Gained mutation: You are agile. (Dex +2) [potion of mutation]
  5556 | D:5      | Gained mutation: Your system is resistant to poisons. (rPois) [potion of mutation]
  5559 | D:5      | Killed Prince Ribbit
  5559 | D:5      | Your scales start taking on a rich purple colour.
  5559 | D:5      | Reached XP level 7. HP: 20/57 MP: 11/13
  5762 | D:5      | Found Gunopeiq's Antique Armour Emporium.
  5780 | D:5      | Noticed Dowan
  5781 | D:5      | Noticed Duvessa
  5804 | D:5      | Killed Dowan
  5861 | D:5      | Killed Duvessa
  6095 | D:5      | Noticed Crazy Yiuf
  6103 | D:5      | Killed Crazy Yiuf
  6103 | D:5      | Reached skill level 6 in Unarmed Combat
  6350 | D:6      | Reached * piety under Wu Jian
  6485 | D:6      | Reached XP level 8. HP: 65/66 MP: 12/14
  6557 | D:6      | Reached skill level 5 in Spellcasting
  6631 | D:6      | Found a burning altar of Makhleb.
  6981 | D:6      | Found a shattered altar of Ashenzari.
  7027 | D:6      | Reached skill level 7 in Unarmed Combat
  7174 | D:7      | Found Ythran's Antique Armour Shoppe.
  7204 | D:7      | Reached skill level 5 in Fighting
  7209 | D:7      | Reached skill level 5 in Transmutations
  7211 | D:7      | Noticed Menkaure
  7224 | D:7      | Killed Menkaure
  7241 | D:7      | Found Jegyoss's Magic Scroll Boutique.
  7286 | D:7      | Found Odiunwit's General Store.
  7302 | D:7      | Found a bloodstained altar of Trog.
  7310 | D:7      | Reached XP level 9. HP: 67/74 MP: 15/17
  7392 | D:7      | Reached ** piety under Wu Jian
  7634 | D:8      | Noticed dvd's ghost (novice DsSk)
  8100 | D:8      | Reached skill level 5 in Dodging
  8100 | D:8      | Reached skill level 8 in Unarmed Combat
  8163 | D:8      | Killed dvd's ghost
  8416 | D:8      | Found a staircase to the Lair.
  8695 | D:8      | Noticed a two-headed ogre
  8707 | D:8      | Killed a two-headed ogre
  8707 | D:8      | Reached skill level 9 in Unarmed Combat
  8707 | D:8      | Reached XP level 10. HP: 74/84 MP: 18/20
  8713 | D:8      | Noticed Grum
  8725 | D:8      | Banished Grum
  8948 | D:8      | Noticed Erica
  8975 | D:8      | Killed Erica
  9172 | D:8      | Noticed a two-headed ogre
  9376 | D:8      | Noticed Pikel
  9509 | D:8      | Banished Pikel
  9845 | D:9      | Reached skill level 10 in Unarmed Combat
 10089 | D:9      | Found a flagged portal.
 10099 | Bailey   | Entered a bailey
 10358 | Bailey   | Noticed an orc knight
 10501 | Bailey   | Noticed an orc knight
 10549 | Bailey   | Reached *** piety under Wu Jian
 10840 | D:9      | Noticed a two-headed ogre
 10849 | D:9      | Killed a two-headed ogre
 10849 | D:9      | Reached XP level 11. HP: 79/92 MP: 18/22
 10964 | D:9      | Noticed a two-headed ogre
 10973 | D:9      | Killed a two-headed ogre
 11457 | Lair:1   | Entered Level 1 of the Lair of Beasts
 11521 | Lair:1   | Learned a level 5 spell: Blade Hands
 11545 | Lair:1   | Noticed Sonja
 11753 | Lair:1   | HP: 4/94 [black mamba (13)]
 11755 | Lair:1   | HP: 1/94 [black mamba (13)]
 11760 | Lair:1   | Mangled by a black mamba

Vault maps used:
D:1:      dpeg_arrival_subterranean_lakeside_camping, hex_medium
D:2:      tso_oasis_becter, chequers_ecumenical_altar_simple_redux, minivault_5
D:3:      uniq_ijyb
D:4:      kennysheep_mini, minitemple, minmay_temple_entry_mist,
          minmay_checkerbox
D:5:      serial_shops, nicolae_shop_waterfront, first_bread, uniq_duvessa,
          uniq_crazy_yiuf_cottage, uniq_prince_ribbit1
D:6:      lemuel_round_altar, overflow_temple_1_default
D:7:      serial_shops, shop, shop, shop, trog_ov_bears_minmay, uniq_menkaure
D:8:      david_lair_generic, uniq_pikel, uniq_grum, uniq_erica
D:9:      enter_bailey_8
Temple:   eino_temple_scatter_basement
Lair:1:   grunt_megastairs_1, serial_bayou_shore_a, uniq_sonja
Bailey:   bailey_polearm_1, bailey

Skill      XL: |  1  2  3  4  5  6  7  8  9 10 11 |
---------------+----------------------------------+-----
Dodging        | 2 3 4 5 6 |  6.8
Fighting       | 2 3 4 5 6 7 |  7.9
Unarmed Combat | 4 5 6 7 9 10 | 10.7
Transmutations | 3 4 5 6 7 |  7.5
Spellcasting   | 4 5 6 7 8 |  8.2

Action                   |  1- 3 |  4- 6 |  7- 9 | 10-12 || total
-------------------------+-------+-------+-------+-------++-------
Melee: Club              |   160 |       |       |       ||   160
       Unarmed           |     7 |       |       |    26 ||    33
       Tailslap          |    17 |    15 |    50 |    30 ||   112
       Kick              |    12 |       |       |       ||    12
       Punch             |     3 |       |       |     1 ||     4
       Headbutt          |     1 |     6 |     3 |       ||    10
       Long sword        |    12 |    51 |       |       ||    63
       Rapier            |       |    78 |   312 |   219 ||   609
 Cast: Beastly Appendage |    14 |     3 |     1 |       ||    18
       Sticks to Snakes  |       |     1 |       |       ||     1
       Blade Hands       |       |       |       |     1 ||     1
Invok: Lunge             |       |     9 |    22 |    25 ||    56
       Whirlwind         |       |       |    10 |     2 ||    12
       Wall jump         |       |       |     4 |     9 ||    13
 Abil: Breathe Dispellin |       |       |     1 |       ||     1
Evoke: Wand              |       |     2 |     1 |     2 ||     5
  Use: Scroll            |     5 |       |     3 |     1 ||     9
       Potion            |     1 |     7 |     1 |     2 ||    11
 Stab: Sleeping          |       |     1 |     3 |     3 ||     7
  Eat: Chunk             |     7 |     9 |    10 |     8 ||    34
       Fruit             |       |       |       |     1 ||     1
Armor: Skin              |    76 |    65 |    79 |    71 ||   291
Dodge: Dodged            |   151 |   127 |   165 |   189 ||   632
Block: Buckler           |    15 |    44 |    54 |    59 ||   172
       Rpst.: Long sword |     2 |    27 |       |       ||    29

Table legend:
 A = Spawn XP
 B = Non-spawn XP
 C = Spawn XP percentage of total XP
 D = Spawn monster count
 E = Non-spawn monster count
 F = Spawn count percentage of total count
 G = Total turns spent on level
                    A         B        C        D         E        F      G
               +---------+---------+-------+---------+---------+-------+---------
         Total |       0 |   13473 |   0.0 |       0 |     204 |   0.0 | 11760
               +---------+---------+-------+---------+---------+-------+---------
           D:1 |       0 |      45 |   0.0 |       0 |      25 |   0.0 |  1611
           D:2 |       0 |      50 |   0.0 |       0 |      12 |   0.0 |  1407
           D:3 |       0 |     324 |   0.0 |       0 |      25 |   0.0 |   695
           D:4 |       0 |     188 |   0.0 |       0 |       9 |   0.0 |  1035
           D:5 |       0 |     657 |   0.0 |       0 |      10 |   0.0 |  1359
           D:6 |       0 |    1064 |   0.0 |       0 |      28 |   0.0 |   856
           D:7 |       0 |     785 |   0.0 |       0 |      19 |   0.0 |   392
           D:8 |       0 |    5852 |   0.0 |       0 |      42 |   0.0 |  2407
           D:9 |       0 |    3774 |   0.0 |       0 |      19 |   0.0 |   881
        Lair:1 |       0 |     569 |   0.0 |       0 |       2 |   0.0 |   248
        Bailey |       0 |     165 |   0.0 |       0 |      13 |   0.0 |   712
               +---------+---------+-------+---------+---------+-------+---------
